 Dungeon Sprint DCSS version 0.29-a0-857-g9b1aa3ac5b (webtiles) character file.

Game seed: 1840552831470959718

2065 manyhoops the Brawler (level 9, -6/94 HPs)
             Began as a Troll Berserker on July 16, 2022.
             Was a High Priest of Trog.
             Mangled by a water moccasin (7 damage)
             ... in the Dungeon (Sprint II: "The Violet Keep of Menkaure").
             The game lasted 00:01:04 (146 turns).

manyhoops the Brawler (Troll Berserker)              Turns: 146, Time: 00:01:05

Health: -6/94      AC:  4    Str: 31    XL:     9   Next: 5%
Magic:  8/8        EV: 10    Int:  1    God:    Trog [*****.]
Gold:   972        SH:  0    Dex:  9    Spells: 8/8 levels left

rFire   . . .      SeeInvis .     - Unarmed
rCold   . . .      Faith    .   (no shield)
rNeg    . . .      Spirit   .   a - +0 animal skin
rPois   .          Reflect  .   (helmet restricted)
rElec   .          Harm     .   (no cloak)
rCorr   .          Rampage  .   (gloves unavailable)
Will    ++...      NoTele   +   (boots unavailable)
Stlth   +.........              (no amulet)
HPRegen 2.05/turn               (no ring)
MPRegen 0.11/turn               (no ring)

@: lethally poisoned (-6 -> -7), strong-willed, on berserk cooldown,
regenerating
A: large, unfitting armour, claws 3, regeneration 1, shaggy fur 1, tough skin 1,
dopey 1, frail 1
a: Renounce Religion, Berserk, Trog's Hand, Brothers in Arms


You were in the Dungeon.
You worshipped Trog.
Trog was extremely pleased with you.
You visited 1 branch You collected 972 gold pieces.

Inventory:

Armour
 a - a +0 animal skin (worn)
Scrolls
 g - a scroll of blinking
Potions
 d - a potion of haste
 e - 2 potions of magic
 f - a potion of berserk rage


   Skills:
 + Level 11.5 Fighting
 - Level 2.4 Dodging
 + Level 15.6 Unarmed Combat


You had 8 spell levels left.
You didn't know any spells.
Your spell library was empty.

Dungeon Overview and Level Annotations

Branches:
Dungeon (1/1)

Altars:

Shops:
D [=![(==(*!!:

Annotations:
D exclusions: ice statue and oklob plant


Innate Abilities, Weirdness & Mutations

You are too large for most types of armour.
You have claws for hands.
Your natural rate of healing is unusually fast.
You are covered in fur. (AC +1)
You have tough skin. (AC +1)
You are dopey. (Int -2)
You are frail. (-10% HP)


Message History

Your skin crawls.
You feel strong-willed.
You feel yourself speed up.
You feel very sick. Menkaure misses you. The water moccasin bites you!
* * * LOW HITPOINT WARNING * * *
The water moccasin bites you but does no damage.
Menkaure hits you!
* * * LOW HITPOINT WARNING * * *
The water moccasin closely misses you.
You claw Menkaure!
Menkaure is almost destroyed.
You feel sick. The water moccasin bites you!
* * * LOW HITPOINT WARNING * * *
You are more poisoned.
The water moccasin poisons you! The water moccasin bites you.
* * * LOW HITPOINT WARNING * * *
You feel better. The water moccasin bites you.
* * * LOW HITPOINT WARNING * * *
Menkaure hits you but does no damage. The water moccasin bites you!
* * * LOW HITPOINT WARNING * * *
You are poisoned.
The water moccasin poisons you! The water moccasin barely misses you.
Unknown command.
You eviscerate Menkaure!!!
You destroy Menkaure!
Trog accepts your kill.
Trog appreciates your killing of a magic user.
You feel very sick. The water moccasin bites you.
* * * LOW HITPOINT WARNING * * *
The water moccasin barely misses you.
Okay, then.
You mangle the water moccasin!!
You kill the water moccasin!
Trog accepts your kill.
Trog will now gift you melee weapons as you gain piety.
* * * LOW HITPOINT WARNING * * *
You feel very sick. The water moccasin bites you!
You die...

########≈≈≈...
.......#≈≈≈≈.##+##
..⌠....#≈≈≈≈##...##
.∩.∩...#≈≈≈ #..#..#
∩.∩.∩..#≈≈ ###.#.####
.∩.∩.∩.#≈##.###†###.##
∩...∩.∩#S#..###.##†..#
.....∩.@≈'.##'.<.†##.+
.......#≈#.#.##.##.###
▓▓▓▓▓###≈##.###†# #.#
$D######≈≈####.#.# ##
.D ##≈≈ #..#..# P
+#≈##.#.## ≈≈##'## ≈≈
≈≈≈ #+++


You could see a fire dragon, an ice dragon, an oklob plant and a water moccasin.

Vanquished Creatures
  2 boulder beetles (D)
  4 neqoxecs (D)
  Menkaure (D)
  A water moccasin (D)
  4 necrophages (D)
  3 worms (D)
15 creatures vanquished.

Notes
Turn   | Place    | Note
-------+----------+-------------------------------------------
     0 | D        | manyhoops the Troll Berserker began the quest for the Orb.
     0 | D        | Reached XP level 1. HP: 22/22 MP: 0/0
     1 | D        | Noticed a necrophage
     1 | D        | Noticed a necrophage
     1 | D        | Noticed a necrophage
     1 | D        | Noticed a necrophage
    10 | D        | Killed a necrophage
    11 | D        | Reached skill level 5 in Fighting
    11 | D        | Reached skill level 6 in Unarmed Combat
    11 | D        | Reached XP level 2. HP: 35/35 MP: 1/1
    11 | D        | Reached XP level 3. HP: 42/42 MP: 2/2
    16 | D        | Killed a necrophage
    17 | D        | Reached skill level 7 in Unarmed Combat
    17 | D        | Reached XP level 4. HP: 52/52 MP: 3/3
    22 | D        | Killed a necrophage
    22 | D        | Reached ** piety under Trog
    23 | D        | Reached skill level 8 in Unarmed Combat
    23 | D        | Reached XP level 5. HP: 45/62 MP: 4/4
    32 | D        | Reached skill level 9 in Unarmed Combat
    42 | D        | Noticed a neqoxec
    46 | D        | Gained mutation: You are frail. (-10% HP) [a neqoxec]
    48 | D        | Killed a neqoxec
    49 | D        | Reached skill level 10 in Unarmed Combat
    49 | D        | Reached XP level 6. HP: 55/66 MP: 5/5
    50 | D        | Noticed a neqoxec
    50 | D        | Noticed a neqoxec
    50 | D        | Noticed a neqoxec
    51 | D        | Lost intelligence.
    53 | D        | Gained mutation: You are dopey. (Int -2) [a neqoxec]
    55 | D        | Killed a neqoxec
    56 | D        | Reached skill level 11 in Unarmed Combat
    57 | D        | Killed a neqoxec
    57 | D        | Reached *** piety under Trog
    58 | D        | Reached XP level 7. HP: 74/74 MP: 6/6
    58 | D        | Killed a neqoxec
    59 | D        | Reached skill level 12 in Unarmed Combat
    95 | D        | Reached **** piety under Trog
   108 | D        | Noticed a boulder beetle
   108 | D        | Noticed a boulder beetle
   115 | D        | Killed a boulder beetle
   116 | D        | Reached skill level 10 in Fighting
   116 | D        | Reached skill level 14 in Unarmed Combat
   116 | D        | Reached XP level 8. HP: 86/86 MP: 7/7
   122 | D        | Killed a boulder beetle
   123 | D        | Reached skill level 15 in Unarmed Combat
   123 | D        | Reached XP level 9. HP: 68/94 MP: 8/8
   125 | D        | Noticed an ice statue
   137 | D        | Found Reaf's Distillery.
   137 | D        | Found Meibi's Book Boutique.
   137 | D        | Found Ihatum's General Store.
   137 | D        | Found Hetun's Distillery.
   137 | D        | Found Poveitue's Jewellery Boutique.
   137 | D        | Found Kuiwoxe's Antique Weapon Boutique.
   137 | D        | Found Fasm's Jewellery Shop.
   137 | D        | Noticed Menkaure
   138 | D        | Found Nohaymy's Weapon Shop.
   139 | D        | Found Qarchutu's Antique Armour Shop.
   139 | D        | Found Vacufre's Distillery.
   140 | D        | Found Hoameib's Jewellery Shop.
   140 | D        | Found Nilluzon's Antique Armour Boutique.
   140 | D        | Noticed an ice dragon
   140 | D        | Noticed an oklob plant
   140 | D        | Noticed a fire dragon
   145 | D        | Killed Menkaure
   145 | D        | HP: 3/94 [water moccasin (4)]
   146 | D        | Reached ***** piety under Trog
   146 | D        | HP: 1/94 [poisoned by a water moccasin]
   146 | D        | Mangled by a water moccasin

Illustrated notes

Levels and vault maps discovered:
D:        the_violet_keep_of_menkaure [sprint2_stairs_cluster_1,
          sprint2_shoproom, sprint2_temple, sprint2_basic_supplies,
          sprint2_obstacle_2, sprint2_obstacle_4, sprint2_obstacle_3,
          sprint2_obstacle_7, sprint2_obstacle_6, sprint2_timed_cluster_1,
          sprint2_smallroom_cluster_1, sprint2_smallroom_final_cluster_1,
          sprint2_transparent_cluster_1, sprint2_second_timed_cluster_1,
          sprint2_sniper_area_1, sprint2_heavy_combat_area_1,
          sprint2_mutation_trap_area_1, sprint2_forest_area_1,
          sprint2_light_combat_area_1, sprint2_behind_water_1,
          sprint2_near_end_vault_1]

Skill      XL: |  1  2  3  4  5  6  7  8 |
---------------+-------------------------+-----
Fighting       | 5 6 7 8 9 10 11 | 11.5
Unarmed Combat | 6 7 8 10 11 14 15 | 15.6
Dodging        | |  2.4

Action                   |  1- 3 |  4- 6 |  7- 9 || total
-------------------------+-------+-------+-------++-------
Melee: Unarmed           |    13 |    22 |    21 ||    56
       Punch             |       |       |     2 ||     2
Invok: Berserk           |     1 |     1 |     1 ||     3
       Trog's Hand       |       |       |     1 ||     1
  Use: Potion            |       |       |     2 ||     2
Armor: Animal skin       |     1 |     1 |     3 ||     5
Dodge: Dodged            |     3 |     8 |     5 ||    16

Table legend: (Time is in decaauts)
 A = Elapsed time spent in this place.
 B = Non-inter-level travel time spent in this place.
 C = Inter-level travel time spent in this place.
 D = Time resting spent in this place.
 E = Time spent auto-exploring this place.
 F = Levels seen in this place.
 G = Mean time per level.
                   A        B        C        D        E       F      G
               +--------+--------+--------+--------+--------+-----+--------+
         Total |    159 |    159 |      0 |     31 |      0 |   1 |  159.0 |
       Dungeon |    159 |    159 |      0 |     31 |      0 |   1 |  159.0 |
               +--------+--------+--------+--------+--------+-----+--------+

Top non-repeatable levels by time:
       D: 159 daAuts
